TOP OF THE 1ST |
Oklahoma City Dodgers batting - Pitching for Las Vegas 51s : RHP Eric Busby
|
Pitching: RHP Eric Busby
|
|
Batting: RHB Jose Ramirez
|
0-0: Called Strike 0-1: Foul Ball, location: 2F 0-2: Ball 1-2: Ball 2-2: Foul Ball, location: 2F 2-2: Ball 3-2: TRIPLE (Groundball, 3L, EV 105.6 MPH)
|
Batting: RHB Theo Schepers
|
0-0: Ball 1-0: Foul Ball, location: 2F 1-1: Fly out, F3 (Popup, 3SF, EV 84.4 MPH)
|
Batting: LHB Steve Pond
|
0-0: Ball 1-0: Ground out U3 (Groundball, 23, EV 81.9 MPH)
|
Batting: RHB Tommy Hunter
|
0-0: Ball 1-0: Ball 2-0: Swinging Strike 2-1: Called Strike 2-2: Ground out 5-3 (Groundball, 56, EV 84.4 MPH)
|
Top of the 1st over - 0 runs, 1 hit, 0 errors, 1 left on base; Oklahoma City 0 - Las Vegas 0 |
BOTTOM OF THE 1ST |
Las Vegas 51s batting - Pitching for Oklahoma City Dodgers : LHP Elijah McLeod
|
Pitching: LHP Elijah McLeod
|
|
Batting: LHB Jamel Alexander
|
0-0: Ball 1-0: Ball 2-0: Called Strike 2-1: Ball 3-1: Ground out 6-3 (Groundball, 6, EV 77.5 MPH)
|
Batting: SHB Masatoshi Akahoshi
|
0-0: SINGLE (Groundball, 4MD, EV 101.2 MPH)
|
Batting: RHB Andy Carrell
|
0-0: DOUBLE (Flyball, 89D, EV 96.9 MPH) Masatoshi Akahoshi to third
|
Batting: LHB Bill Armijo
|
0-0: Ground out U3 (Groundball, 34S, EV 76.9 MPH) Masatoshi Akahoshi scores Andy Carrell to third
|
Batting: SHB Justin Wallace
|
0-0: Ball 1-0: Called Strike 1-1: Ball 2-1: SINGLE (Line Drive, 9S, EV 94.4 MPH) Andy Carrell scores
|
Batting: SHB Jason Evans
|
0-0: Called Strike 0-1: Foul Ball, location: 2F 0-2: Fielders Choice at 2nd, 6-4 (Groundball, 56, EV 86.9 MPH)
|
Bottom of the 1st over - 2 runs, 3 hits, 0 errors, 1 left on base; Oklahoma City 0 - Las Vegas 2 |
TOP OF THE 2ND |
Oklahoma City Dodgers batting - Pitching for Las Vegas 51s : RHP Eric Busby
|
Batting: RHB Carlos Gonzalez
|
0-0: Called Strike 0-1: Ball 1-1: Called Strike 1-2: Ball 2-2: Strikes out looking
|
Batting: RHB Jason Baldwin
|
0-0: Foul Ball, location: 2F 0-1: Called Strike 0-2: SINGLE (Line Drive, 4MD, EV 97.5 MPH)
|
Batting: LHB Darrell Ortega
|
0-0: Foul Ball, location: 2F 0-1: Called Strike 0-2: Ball 1-2: Foul Ball, location: 2F 1-2: Ball Jason Baldwin is caught stealing 2nd base 2-6 2-2: Strikes out swinging
|
Top of the 2nd over - 0 runs, 1 hit, 0 errors, 0 left on base; Oklahoma City 0 - Las Vegas 2 |
BOTTOM OF THE 2ND |
Las Vegas 51s batting - Pitching for Oklahoma City Dodgers : LHP Elijah McLeod
|
Batting: RHB Nate Henderson
|
0-0: Swinging Strike 0-1: Called Strike 0-2: Ball 1-2: Ball 2-2: Ball 3-2: Base on Balls
|
Batting: RHB Elias Urbina
|
0-0: Called Strike 0-1: Foul Ball, location: 2F 0-2: Ball 1-2: Ball 2-2: SINGLE (Line Drive, 56, EV 107.5 MPH) Nate Henderson to second
|
Batting: RHB Fathi Addae
|
0-0: Swinging Strike 0-1: SINGLE (Flyball, 3D, EV 83.8 MPH) Nate Henderson to third Elias Urbina to second
|
Batting: LHB Jamel Alexander
|
0-0: Ball 1-0: Foul Ball, location: 2F 1-1: Ball 2-1: Foul Ball, location: 2F 2-2: Foul Ball, location: 2F 2-2: Ball 3-2: Fly out, F4 (Popup, 4, EV 58.8 MPH)
|
Batting: SHB Masatoshi Akahoshi
|
0-0: Ground out 3-1 (Groundball, 3L, EV 103.1 MPH) Nate Henderson scores Elias Urbina to third Fathi Addae to second
|
Batting: RHB Andy Carrell
|
0-0: Ball 1-0: Swinging Strike 1-1: Swinging Strike 1-2: Ball 2-2: Fly out, F8 (Flyball, 89D, EV 87.5 MPH)
|
Bottom of the 2nd over - 1 run, 2 hits, 0 errors, 2 left on base; Oklahoma City 0 - Las Vegas 3 |
TOP OF THE 3RD |
Oklahoma City Dodgers batting - Pitching for Las Vegas 51s : RHP Eric Busby
|
Batting: LHB Doug Frampton
|
0-0: Called Strike 0-1: Fly out, F8 (Flyball, 8RD, EV 93.1 MPH)
|
Batting: RHB Rick Pittman
|
0-0: Called Strike 0-1: Swinging Strike 0-2: Ground out 5-3 (Groundball, 56D, EV 98.1 MPH)
|
Batting: RHB Jose Ramirez
|
0-0: Ball 1-0: Foul Ball, location: 2F 1-1: Foul Ball, location: 2F 1-2: Strikes out swinging
|
Top of the 3rd over - 0 runs, 0 hits, 0 errors, 0 left on base; Oklahoma City 0 - Las Vegas 3 |
BOTTOM OF THE 3RD |
Las Vegas 51s batting - Pitching for Oklahoma City Dodgers : LHP Elijah McLeod
|
Batting: LHB Bill Armijo
|
0-0: Ball 1-0: Foul Ball, location: 2F 1-1: Ball 2-1: Called Strike 2-2: Foul Ball, location: 2F 2-2: SINGLE (Line Drive, 3D, EV 98.1 MPH)
|
Batting: SHB Justin Wallace
|
0-0: Ball 1-0: Swinging Strike 1-1: Ball 2-1: Called Strike 2-2: Ground out 6-3 (Groundball, 6MS, EV 68.1 MPH) Bill Armijo to second
|
Batting: SHB Jason Evans
|
0-0: Foul Ball, location: 2F 0-1: Swinging Strike 0-2: Strikes out swinging
|
Batting: RHB Nate Henderson
|
0-0: Called Strike 0-1: DOUBLE (Line Drive, 78D, EV 103.8 MPH) Bill Armijo scores
|
Batting: RHB Elias Urbina
|
0-0: Fly out, F8 (Flyball, 8RS, EV 91.2 MPH)
|
Bottom of the 3rd over - 1 run, 2 hits, 0 errors, 1 left on base; Oklahoma City 0 - Las Vegas 4 |
TOP OF THE 4TH |
Oklahoma City Dodgers batting - Pitching for Las Vegas 51s : RHP Eric Busby
|
Batting: RHB Theo Schepers
|
0-0: Ground out 5-3 (Groundball, 15, EV 80.0 MPH)
|
Batting: LHB Steve Pond
|
0-0: Called Strike 0-1: Ball 1-1: Ball 2-1: Ground out 2-3 (Groundball, 13S, EV 70.6 MPH)
|
Batting: RHB Tommy Hunter
|
0-0: Ground out 5-3 (Groundball, 56S, EV 88.1 MPH)
|
Top of the 4th over - 0 runs, 0 hits, 0 errors, 0 left on base; Oklahoma City 0 - Las Vegas 4 |
BOTTOM OF THE 4TH |
Las Vegas 51s batting - Pitching for Oklahoma City Dodgers : LHP Elijah McLeod
|
Batting: RHB Fathi Addae
|
0-0: Ground out 5-3 (Groundball, 56S, EV 83.1 MPH)
|
Batting: LHB Jamel Alexander
|
0-0: Ball 1-0: SINGLE (Line Drive, 5D, EV 98.1 MPH)
|
Batting: SHB Masatoshi Akahoshi
|
0-0: Ball Jamel Alexander steals 2nd base 1-0: Swinging Strike 1-1: Ball 2-1: Ball 3-1: Called Strike 3-2: Foul Ball, location: 2F 3-2: Fly out, F8 (Flyball, 8LD, EV 101.9 MPH)
|
Batting: RHB Andy Carrell
|
0-0: DOUBLE (Line Drive, 89D, EV 112.5 MPH) Jamel Alexander scores
|
Pitching: RHP Aaron Schneider
|
|
Batting: LHB Bill Armijo
|
0-0: Fly out, F4 (Line Drive, 34, EV 68.8 MPH)
|
Bottom of the 4th over - 1 run, 2 hits, 0 errors, 1 left on base; Oklahoma City 0 - Las Vegas 5 |
TOP OF THE 5TH |
Oklahoma City Dodgers batting - Pitching for Las Vegas 51s : RHP Eric Busby
|
Batting: RHB Carlos Gonzalez
|
0-0: Ball 1-0: Foul Ball, location: 2F 1-1: SINGLE (Line Drive, 9S, EV 98.1 MPH)
|
Batting: RHB Jason Baldwin
|
0-0: Swinging Strike 0-1: Foul Ball, location: 2F 0-2: Ball 1-2: Ball 2-2: Foul Ball, location: 2F 2-2: Foul Ball, location: 2F 2-2: Ball 3-2: Base on Balls Carlos Gonzalez to second
|
Batting: LHB Darrell Ortega
|
0-0: SINGLE (Groundball, 5L, EV 104.4 MPH) (infield hit) Carlos Gonzalez to third Jason Baldwin to second
|
Batting: LHB Doug Frampton
|
0-0: Called Strike 0-1: Grounds into double play, 4-6-3 (Groundball, 4, EV 88.8 MPH) Carlos Gonzalez scores Jason Baldwin to third
|
Batting: RHB Rick Pittman
|
0-0: Ball 1-0: Foul Ball, location: 2F 1-1: Fly out, F7 (Flyball, 7S, EV 79.4 MPH)
|
Top of the 5th over - 1 run, 2 hits, 0 errors, 1 left on base; Oklahoma City 1 - Las Vegas 5 |
BOTTOM OF THE 5TH |
Las Vegas 51s batting - Pitching for Oklahoma City Dodgers : RHP Aaron Schneider
|
Batting: SHB Justin Wallace
|
0-0: Called Strike 0-1: Ground out 5-3 (Groundball, 56, EV 101.9 MPH)
|
Batting: SHB Jason Evans
|
0-0: Ball 1-0: SINGLE (Line Drive, 6MD, EV 95.6 MPH)
|
Batting: RHB Nate Henderson
|
0-0: Ball 1-0: Ball 2-0: Ball 3-0: Base on Balls Jason Evans to second
|
Batting: RHB Elias Urbina
|
0-0: Ball 1-0: Called Strike 1-1: Ball 2-1: Ball 3-1: Base on Balls Jason Evans to third Nate Henderson to second
|
Batting: RHB Fathi Addae
|
0-0: Swinging Strike 0-1: SINGLE (Groundball, 13S, EV 73.1 MPH) (infield hit) Jason Evans scores Nate Henderson to third Elias Urbina to second
|
Batting: LHB Jamel Alexander
|
0-0: Ball 1-0: Fielders Choice at 2nd, 4-6 (Groundball, 4, EV 80.0 MPH) Nate Henderson scores Elias Urbina to third
|
Batting: SHB Masatoshi Akahoshi
|
0-0: Foul Ball, location: 2F 0-1: Called Strike 0-2: Ground out 4-3 (Groundball, 13, EV 83.1 MPH)
|
Bottom of the 5th over - 2 runs, 2 hits, 0 errors, 2 left on base; Oklahoma City 1 - Las Vegas 7 |
TOP OF THE 6TH |
Oklahoma City Dodgers batting - Pitching for Las Vegas 51s : RHP Eric Busby
|
Batting: RHB Jose Ramirez
|
0-0: Ball 1-0: Called Strike 1-1: Ground out 4-3 (Groundball, 4S, EV 61.2 MPH)
|
Batting: RHB Theo Schepers
|
0-0: Called Strike 0-1: Ball 1-1: Swinging Strike 1-2: Foul Ball, location: 2F 1-2: Foul Ball, location: 2F 1-2: Strikes out swinging
|
Batting: LHB Steve Pond
|
0-0: Ball 1-0: Ball 2-0: Foul Ball, location: 2F 2-1: Fly out, F8 (Flyball, 78D, EV 83.8 MPH)
|
Top of the 6th over - 0 runs, 0 hits, 0 errors, 0 left on base; Oklahoma City 1 - Las Vegas 7 |
BOTTOM OF THE 6TH |
Las Vegas 51s batting - Pitching for Oklahoma City Dodgers : RHP Aaron Schneider
|
Batting: RHB Andy Carrell
|
0-0: Ball 1-0: Called Strike 1-1: Foul Ball, location: 2F 1-2: Ball 2-2: Foul Ball, location: 2F 2-2: Ground out 6-3 (Groundball, 56D, EV 105.6 MPH)
|
Batting: LHB Bill Armijo
|
0-0: Ground out 4-3 (Groundball, 4, EV 102.5 MPH)
|
Batting: SHB Justin Wallace
|
0-0: Called Strike 0-1: DOUBLE (Flyball, 8LXD, EV 98.1 MPH)
|
Batting: SHB Jason Evans
|
0-0: SINGLE (Groundball, 34D, EV 106.9 MPH) Justin Wallace to third Runner from 3rd tries for Home, SAFE, throw by RF to home
|
Batting: RHB Nate Henderson
|
0-0: Ball 1-0: Ball 2-0: DOUBLE (Groundball, 3L, EV 97.5 MPH) Jason Evans to third
|
Batting: RHB Elias Urbina
|
0-0: Ball 1-0: Ball 2-0: Called Strike 2-1: Ball 3-1: Called Strike 3-2: Ground out U3 (Groundball, 34, EV 105.0 MPH)
|
Bottom of the 6th over - 1 run, 3 hits, 0 errors, 2 left on base; Oklahoma City 1 - Las Vegas 8 |
TOP OF THE 7TH |
Oklahoma City Dodgers batting - Pitching for Las Vegas 51s : RHP Eric Busby
|
Batting: RHB Tommy Hunter
|
0-0: Called Strike 0-1: Swinging Strike 0-2: Strikes out swinging
|
Pinch Hitting: LHB Ryan Murdock
|
0-0: Ball 1-0: Ground out 5-3 (Groundball, 56, EV 85.0 MPH)
|
Batting: RHB Jason Baldwin
|
0-0: Called Strike 0-1: Foul Ball, location: 2F 0-2: Ball 1-2: Ball 2-2: Ground out 5-3 (Groundball, 15, EV 83.8 MPH)
|
Top of the 7th over - 0 runs, 0 hits, 0 errors, 0 left on base; Oklahoma City 1 - Las Vegas 8 |
BOTTOM OF THE 7TH |
Las Vegas 51s batting - Pitching for Oklahoma City Dodgers : RHP Aaron Schneider
|
Now at 1B: Ryan Murdock
|
|
Batting: RHB Fathi Addae
|
0-0: Called Strike 0-1: Ball 1-1: Ground out 4-3 (Groundball, 4, EV 110.0 MPH)
|
Batting: LHB Jamel Alexander
|
0-0: Ball 1-0: Ball 2-0: Ball 3-0: Base on Balls
|
Pitching: LHP Ryan Fulford
|
|
Batting: SHB Masatoshi Akahoshi
|
0-0: Swinging Strike 0-1: Foul Ball, location: 2F 0-2: Ball 1-2: Reached on error, E3 (Groundball, 3S, EV 72.5 MPH) Jamel Alexander to second
|
Batting: RHB Andy Carrell
|
0-0: Called Strike 0-1: Ball 1-1: Ball 2-1: TRIPLE (Flyball, 78XD, EV 100.0 MPH) Jamel Alexander scores Masatoshi Akahoshi scores
|
Batting: LHB Bill Armijo
|
0-0: Foul Ball, location: 2F 0-1: DOUBLE (Flyball, 8RXD, EV 97.5 MPH) Andy Carrell scores
|
Batting: SHB Justin Wallace
|
0-0: Ball 1-0: Called Strike 1-1: Fly out, F9 (Line Drive, 89M, EV 86.9 MPH)
|
Batting: SHB Jason Evans
|
0-0: Ground out 6-3 (Groundball, 6, EV 101.2 MPH)
|
Bottom of the 7th over - 3 runs, 2 hits, 1 error, 1 left on base; Oklahoma City 1 - Las Vegas 11 |
TOP OF THE 8TH |
Oklahoma City Dodgers batting - Pitching for Las Vegas 51s : RHP Eric Busby
|
Batting: LHB Darrell Ortega
|
0-0: Foul Ball, location: 2F 0-1: Ball 1-1: Ball 2-1: Foul Ball, location: 2F 2-2: Ball 3-2: Ground out 6-3 (Groundball, 6M, EV 89.4 MPH)
|
Batting: LHB Doug Frampton
|
0-0: Ball 1-0: Ball 2-0: Ball 3-0: Base on Balls
|
Batting: RHB Rick Pittman
|
0-0: Called Strike 0-1: Swinging Strike 0-2: Foul Ball, location: 2F 0-2: Ball 1-2: Strikes out swinging
|
Pitching: RHP Hugo Valentin
|
|
Batting: RHB Jose Ramirez
|
0-0: Called Strike 0-1: Foul Ball, location: 2F 0-2: Ball 1-2: Ball 2-2: Foul Ball, location: 2F 2-2: Ball 3-2: Strikes out swinging
|
Top of the 8th over - 0 runs, 0 hits, 0 errors, 1 left on base; Oklahoma City 1 - Las Vegas 11 |
BOTTOM OF THE 8TH |
Las Vegas 51s batting - Pitching for Oklahoma City Dodgers : LHP Ryan Fulford
|
Batting: RHB Nate Henderson
|
0-0: Ball 1-0: Ground out 5-3 (Groundball, 56, EV 88.1 MPH)
|
Batting: RHB Elias Urbina
|
0-0: Ball 1-0: Foul Ball, location: 2F 1-1: Foul Ball, location: 2F 1-2: SINGLE (Line Drive, 7S, EV 102.5 MPH)
|
Batting: RHB Fathi Addae
|
0-0: Ball 1-0: Foul Ball, location: 2F 1-1: Ball 2-1: Foul Ball, location: 2F 2-2: Foul Ball, location: 2F 2-2: Fielders Choice at 2nd, 5-4 (Groundball, 56S, EV 91.2 MPH)
|
Batting: LHB Jamel Alexander
|
0-0: Called Strike 0-1: Ball 1-1: Ball 2-1: TRIPLE (Line Drive, 89XD, EV 103.8 MPH) Fathi Addae scores
|
Pitching: RHP Miguel Martinez
|
|
Batting: SHB Masatoshi Akahoshi
|
0-0: Fly out, F2 (Popup, 25F, EV 80.6 MPH)
|
Bottom of the 8th over - 1 run, 2 hits, 0 errors, 1 left on base; Oklahoma City 1 - Las Vegas 12 |
TOP OF THE 9TH |
Oklahoma City Dodgers batting - Pitching for Las Vegas 51s : RHP Hugo Valentin
|
Batting: RHB Theo Schepers
|
0-0: Ball 1-0: Ball 2-0: Called Strike 2-1: SINGLE (Groundball, 5S, EV 66.2 MPH) (infield hit)
|
Batting: LHB Steve Pond
|
0-0: Foul Ball, location: 2F 0-1: Called Strike 0-2: Foul Ball, location: 2F 0-2: Fly out, F6 (Popup, 56, EV 56.9 MPH)
|
Batting: RHB Tommy Hunter
|
0-0: Called Strike 0-1: Called Strike 0-2: Foul Ball, location: 2F 0-2: Ball 1-2: Strikes out swinging
|
Batting: LHB Ryan Murdock
|
0-0: Called Strike 0-1: Fly out, F5 (Popup, 56, EV 66.2 MPH)
|
Top of the 9th over - 0 runs, 1 hit, 0 errors, 1 left on base; Oklahoma City 1 - Las Vegas 12 |
|